 Dungeon Crawl Stone Soup version 0.17-a0-1368-g6ab37f2 (webtiles) character file.

27 inmateoo the Magician (level 2, -2/15 HPs)
             Began as a Deep Elf Fire Elementalist on June 12, 2015.
             Slain by Robin
             ... wielding a +0 spear
              (4 damage)
             ... on level 2 of the Dungeon.
             The game lasted 00:02:06 (1366 turns).

inmateoo the Magician (Deep Elf Fire Elementalist)  Turns: 1366, Time: 00:02:06

Health: -2/15      AC:  2    Str:  5    XL:     2   Next: 93%
Magic:  0/9        EV: 13    Int: 24    God:
Gold:   66         SH:  0    Dex: 15    Spells: 2 memorised, 6 levels left

rFire  . . .     SeeInvis .     (no weapon)
rCold  . . .     Clarity  .     a - +0 robe
rNeg   . . .     SustAt   .     (no shield)
rPois  .         Gourm    .     (no helmet)
rElec  .         Spirit   .     (no cloak)
rCorr  .         Warding  .     (no gloves)
rMut   .         Stasis   .     (no boots)
MR     .....                    (no amulet)
Stlth  ++........               (no ring)
                                (no ring)

@: brilliant, not resistant to hostile enchantments, unstealthy
A: no striking features
a: no special abilities


You were on level 2 of the Dungeon.
You were not hungry.

You visited 1 branch of the dungeon, and saw 2 of its levels.

You collected 66 gold pieces.

Inventory:

Armour
 a - a +0 robe (worn)
Scrolls
 d - a scroll of identify {unknown}
 e - a scroll of blinking {unknown}
 g - 3 scrolls of remove curse {unknown}
 j - a scroll of teleportation {unknown}
 k - a scroll of fog {unknown}
 m - a scroll of noise {unknown}
 n - a scroll of immolation {unknown}
 o - a scroll of random uselessness {unknown}
Potions
 f - a potion of cancellation
Books
 b - a book of Flames

   Spells                             Type                      Level
   a - Flame Tongue                   Conjuration/Fire             1
   b - Throw Flame                    Conjuration/Fire             2
   c - Conjure Flame                  Conjuration/Fire             3
   d - Inner Flame                    Hexes/Fire                   3
   e - Sticky Flame                   Conjuration/Fire             4
   f - Fireball                       Conjuration/Fire             5
Comestibles
 c - 2 bread rations
 i - 2 meat rations


   Skills:
 - Level 2.4 Dodging
 - Level 2.4 Stealth
 + Level 4.0 Spellcasting
 + Level 2.0 Conjurations
 * Level 3.5 Fire Magic


You had 6 spell levels left.
You knew the following spells:

 Your Spells              Type           Power        Failure   Level  Hunger
a - Flame Tongue          Conj/Fire      ####.        1%          1    None
b - Throw Flame           Conj/Fire      ####..       1%          2    #......


Dungeon Overview and Level Annotations

Branches:
Dungeon (2/15)

Altars:

Annotations:
D:2 Robin


Message History

The flame tongue hits Robin.
Robin appears unharmed.
Robin is almost dead.
The hobgoblin closely misses you. Robin barely misses you.
Drink which item? (? for menu, Esc to quit)
It was a potion of cancellation.
You feel magically purged.
The hobgoblin hits you but does no damage.
Robin hits you from afar with a spear.
* * * LOW HITPOINT WARNING * * *
Drink which item? (? for menu, Esc to quit)
You feel better. The hobgoblin hits you.
* * * LOW HITPOINT WARNING * * *
Robin closely misses you.
Unknown command.
Drink which item? (? for menu, Esc to quit)
It was a potion of brilliance.
You feel clever all of a sudden. The hobgoblin hits you.
* * * LOW HITPOINT WARNING * * *
Robin hits you from afar with a spear.
You die...

#......##'######.....###.. ##
#......#.............###.. .#
##.....'.......(.....'....
.##############.......gg....###..
..........# ##.######.....# #..
.########.######g# #.....# #..
..............##g# #.....###..
#########.###.##g# #..........
........#.###.##@# #..........
###...........##.# #####......
###...####....##g# #.....#
†.....'.<#....##'#### #.....#
###...####..........# #######
#...# #..........# #...#
#..........# #...# ####'##'####
#...# ##'##.##


You could see Robin, 2 hobgoblins and a goblin (frenzied).

Vanquished Creatures
  A worm (D:2)
  4 giant cockroaches
  4 hobgoblins
  2 kobolds
  A ball python (D:1)
  5 bats (D:1)
  A giant newt (D:1)
  3 goblins (D:1)
  3 rats
24 creatures vanquished.

Notes
Turn   | Place    | Note
--------------------------------------------------------------
     0 | D:1      | inmateoo the Deep Elf Fire Elementalist began the quest for the Orb.
     0 | D:1      | Reached XP level 1. HP: 10/10 MP: 6/6
   474 | D:1      | Reached XP level 2. HP: 9/15 MP: 3/8
  1245 | D:2      | Learned a level 2 spell: Throw Flame
  1311 | D:2      | Reached skill level 4 in Spellcasting
  1319 | D:2      | Noticed Robin
  1366 | D:2      | Slain by Robin

Vault maps used:
D:1:      lightli_arrival_noodles
D:2:      uniq_robin

Action                   || total
-------------------------++-------
 Cast: Flame Tongue      ||    49
  Use: Potion            ||     3
  Eat: Chunk             ||     1
